 Dungeon Crawl Stone Soup version 0.18.1-6-gd335043 (webtiles) character file.

1118 Chiseanne the Nimble (level 8, -2/37 HPs)
             Began as a Spriggan Hunter on May 19, 2016.
             Engulfed by a cloud of freezing vapour (4 damage)
             ... on level 5 of the Dungeon.
             The game lasted 00:16:12 (6247 turns).

Chiseanne the Nimble (Spriggan Hunter)              Turns: 6247, Time: 00:16:13

Health: -2/37      AC:  3    Str: 13    XL:     8   Next: 12%
Magic:  9/9        EV: 26    Int: 13    God:
Gold:   240        SH:  0    Dex: 18    Spells: 0 memorised, 7 levels left

rFire  x . .     SeeInvis +     w - +3 hand crossbow
rCold  + + .     Gourm    .     c - +0 robe
rNeg   . . .     Faith    .     (shield restricted)
rPois  .         Spirit   .     (helmet restricted)
rElec  .         Dismiss  .     t - +0 cloak
rCorr  .         Reflect  .     (gloves unavailable)
SustAt .         Harm     .     (boots unavailable)
MR     ++...     Clarity  +     (no amulet)
Stlth  ++........               p - ring of protection from cold
                                m - ring of ice

@: mighty, very slightly contaminated, invisible, very quick, very resistant to
hostile enchantments, unstealthy
A: unfitting armour, antennae 1, see invisible, clarity, herbivore 3, speed 3,
magic resistance 1, slow metabolism 2
a: no special abilities


You were on level 5 of the Dungeon.
You were not hungry.

You visited 2 branches of the dungeon, and saw 6 of its levels.

You collected 240 gold pieces.

Inventory:

Hand Weapons
 a - a +0 short sword
 r - a +0 blowgun
 s - a +3 quarterstaff of chaos
 u - a +0 mace of protection
 v - a +1 mace of crushing
 w - a +3 hand crossbow (weapon)
Missiles
 d - 14 bolts (quivered)
 e - 83 poisoned needles
 g - 209 stones
 k - 5 tomahawks of returning
 l - 6 needles of confusion
 q - 41 sling bullets
Armour
 c - a +0 robe (worn)
 t - a +0 cloak (worn)
 z - a +0 buckler
Jewellery
 m - a ring of ice (left hand)
 p - a ring of protection from cold (right hand)
Scrolls
 y - a scroll of remove curse
Potions
 b - 2 potions of berserk rage
 i - a potion of agility
 o - 2 potions of magic
Books
 B - a book of the Tempests

   Spells                             Type                      Level
   a - Static Discharge               Conjuration/Air              3
   b - Lightning Bolt                 Conjuration/Air              5
   c - Fireball                       Conjuration/Fire             5
   d - Tornado                        Air                          9
   e - Shatter                        Earth                        9
Comestibles
 f - 4 bread rations


   Skills:
 - Level 1.5 Fighting
 * Level 7.8 Crossbows
 * Level 10.2 Dodging
 - Level 1.5 Stealth


You had 7 spell levels left.
You didn't know any spells.

Dungeon Overview and Level Annotations

Branches:
Dungeon (5/15)             Temple (1/1) D:5

Altars:
Ashenzari
Cheibriados
Dithmenos
Elyvilon
Kikubaaqudgha
Nemelex Xobeh
Okawaru
Pakellas
Qazlal
Xom
Yredelemnul
Zin
The Shining One


Innate Abilities, Weirdness & Mutations

You are tiny and cannot use many weapons and most armour.
You have supernaturally acute eyesight.
You are a herbivore.
You cover ground extremely quickly.
You need consume almost no food.
You have a pair of small antennae on your head.
You possess an exceptional clarity of mind.
You are resistant to hostile enchantments.


Message History

You feel very mighty all of a sudden.
Drink which item? (? for menu, Esc to quit)
It was a potion of invisibility.
You fade into invisibility!
You are very lightly contaminated with residual magic.
Drink which item? (? for menu, Esc to quit)
It was a potion of mutation.
You feel extremely strange.
Your thoughts seem clearer.
You feel resistant to hostile enchantments.
A pair of antennae grows on your head!
Sorry, you're not good enough to have a special ability.
Unknown command.
You are engulfed in freezing vapours.
You resist.
* * * LOW HITPOINT WARNING * * *
Read which item? (? for menu, Esc to quit)
Okay, then.
You are engulfed in freezing vapours.
You resist.
* * * LOW HITPOINT WARNING * * *
You are engulfed in freezing vapours.
You resist.
You die...

########.# #..) #......# #.##
#.###### ##'## ###.##...# #...#
.##.##...# #.... .##.##...# #....
....##...#####################+#.
.[.......#####################.#.
.......###§§§§§§@§......§=(/(#.#.
.......###§###################.#.
#.......##........§§§§§§§§§..#.#.
###.....##################8'8#.#.
......#.##....#############.##...
###.#.#.##....#####...# #......
#.......##............########...
#....#####................####...
#........'..........#............


There were no monsters in sight!

Vanquished Creatures
  Grinder (D:3)
  The ghost of Toris the Skirmisher, an amateur HOFi of the Shining One (D:4)
  An orc warrior (D:5)
  An ogre (D:4)
  A giant frog (D:5)
  A scorpion (D:5)
  A centaur zombie (D:5)
  An orc priest (D:5)
  Crazy Yiuf (D:3)
  4 orc wizards
  Natasha (twice) (D:3)
  A hound skeleton (D:4)
  Robin (D:3)
  A worker ant zombie (D:5)
  7 adders
  2 oozes
  A worm (D:2)
  3 giant geckos
  24 orcs
  2 giant cockroaches
  9 goblins
  12 hobgoblins
  9 jackals
  11 kobolds
  A ball python (D:4)
  9 bats
  4 giant newts
  9 rats
  2 fungi (D:3)
123 creatures vanquished.

Notes
Turn   | Place    | Note
--------------------------------------------------------------
     0 | D:1      | Chiseanne the Spriggan Hunter began the quest for the Orb.
     0 | D:1      | Reached XP level 1. HP: 10/10 MP: 2/2
   279 | D:1      | Reached XP level 2. HP: 14/14 MP: 3/3
   343 | D:1      | Reached skill level 4 in Dodging
   517 | D:1      | Reached XP level 3. HP: 18/18 MP: 4/4
   611 | D:2      | Found a shattered altar of Ashenzari.
   949 | D:2      | Reached skill level 5 in Dodging
  1055 | D:2      | Found a glowing golden altar of the Shining One.
  1297 | D:3      | Reached XP level 4. HP: 22/22 MP: 5/5
  1769 | D:3      | Noticed Grinder
  1775 | D:3      | Reached skill level 5 in Crossbows
  1784 | D:3      | Killed Grinder
  1784 | D:3      | Reached skill level 7 in Dodging
  1784 | D:3      | Reached XP level 5. HP: 16/25 MP: 6/6
  1784 | D:3      | Reached XP level 6. HP: 19/30 MP: 7/7
  2216 | D:3      | Noticed Robin
  2249 | D:3      | Killed Robin
  2442 | D:3      | Noticed Natasha
  2462 | D:3      | Killed Natasha
  2466 | D:3      | Noticed Natasha
  2470 | D:3      | Killed Natasha
  2470 | D:3      | Reached skill level 8 in Dodging
  2836 | D:3      | Noticed Crazy Yiuf
  2847 | D:3      | Killed Crazy Yiuf
  2958 | D:4      | Reached XP level 7. HP: 33/33 MP: 8/8
  3144 | D:4      | Noticed Toris's ghost (amateur HOFi)
  3700 | D:4      | Killed Toris's ghost
  3700 | D:4      | Reached skill level 9 in Dodging
  3820 | D:5      | Entered Level 5 of the Dungeon
  4609 | D:5      | HP: 1/33 [orc priest/nerve-wracking pain (14)]
  4610 | D:5      | Reached XP level 8. HP: 2/37 MP: 9/9
  4956 | D:5      | Reached skill level 10 in Dodging
  5025 | D:5      | Found a staircase to the Ecumenical Temple.
  5152 | Temple   | Entered the Ecumenical Temple
  6241 | D:5      | Gained mutation: You possess an exceptional clarity of mind. [potion of mutation]
  6241 | D:5      | Gained mutation: You are resistant to hostile enchantments. [potion of mutation]
  6241 | D:5      | Gained mutation: You have a pair of small antennae on your head. [potion of mutation]
  6247 | D:5      | Engulfed by a cloud of freezing vapour

Skill      XL: |  1  2  3  4  5  6  7  8 |
---------------+-------------------------+-----
Dodging        | 4 5 7 8 9 10 | 10.2
Crossbows      | 5 6 7 |  7.8
Fighting       | |  1.5
Stealth        | |  1.5

Action                   |  1- 3 |  4- 6 |  7- 9 || total
-------------------------+-------+-------+-------++-------
Melee: Short sword       |       |    33 |     4 ||    37
 Fire: Hand crossbow     |    86 |   150 |    99 ||   335
Throw: Stone             |       |       |     3 ||     3
  Use: Scroll            |     3 |     3 |     5 ||    11
       Potion            |       |       |     6 ||     6
  Eat: Pizza             |       |       |     2 ||     2
Armor: Robe              |     1 |     3 |     1 ||     5
Dodge: Dodged            |    18 |    72 |    29 ||   119
Block: Buckler           |       |       |     6 ||     6
